 Dungeon Sprint DCSS version 0.18-a0-1655-ge2d8d33 (console) character file.

43200000 sorlin the Axe Maniac (level 27, -93/249 HPs)
             Began as a Formicid Fighter on Mar 30, 2016.
             Was the Champion of Makhleb.
             Annihilated by a vile
             ... wielding a +0 mace
              (120 damage)
             ... in the Dungeon (Sprint VIII: "Arena of Blood").
             The game lasted 00:08:27 (432 turns).

sorlin the Axe Maniac (Formicid Fighter)             Turns: 432, Time: 00:08:29

Health: -93/249    AC: 13    Str: 23    XL:     27
Magic:  54/54      EV: 32    Int: 10    God:    Makhleb [******]
Gold:   0          SH: 19    Dex: 19    Spells: 0 memorised, 80 levels left

rFire  . . .     SeeInvis +     l - +∞ Axe of Woe
rCold  . . .     Gourm    .     b - +0 scale mail
rNeg   . . .     Faith    .     c - +0 shield
rPois  .         Spirit   .     (helmet unavailable)
rElec  .         Dismiss  .     (no cloak)
rCorr  .         Reflect  .     (no gloves)
SustAt .         Harm     .     (no boots)
MR     ++...                    (no amulet)
Stlth  ++++++++..               (no ring)
                                (no ring)

@: lethally poisoned (-93 -> -186), non-regenerating, badly diseased, very
resistant to hostile enchantments, extraordinarily stealthy
A: permanent stasis, dig shafts and tunnels, four strong arms, antennae 3
a: Dig, Minor Destruction, Lesser Servant of Makhleb, Major Destruction, Greater
Servant of Makhleb, Renounce Religion


You were in the Dungeon.
You worshipped Makhleb.
Makhleb was exalted by your worship.
You were not hungry.

You visited 1 branch


Innate Abilities, Weirdness & Mutations

You are under a permanent stasis effect.
You can dig through walls and to a lower floor.
Your four strong arms can wield two-handed weapons with a shield.
You have a pair of large antennae on your head (SInv).


   Skills:
 O Level 27 Fighting
 O Level 27 Axes
 O Level 27 Throwing
 O Level 27 Armour
 O Level 27 Dodging
 O Level 27 Stealth
 O Level 27 Shields
 O Level 27 Unarmed Combat
 O Level 27 Spellcasting
 O Level 27 Invocations


You had 80 spell levels left.
You didn't know any spells.

Inventory:

Hand Weapons
 a - a +0 war axe
 l - the +∞ Axe of Woe (weapon)
   (You found it in the Dungeon)
Armour
 b - a +0 scale mail (worn)
 c - a +0 shield (worn)
Jewellery
 e - a +30 ring of slaying
 m - a +30 ring of slaying
 n - a +30 ring of slaying
 o - a +200 ring of slaying
 p - a +200 ring of slaying
 q - a +30 ring of slaying
 r - a +30 ring of slaying
 s - a +30 ring of slaying
 t - a +30 ring of slaying
 v - a +30 ring of slaying
 w - a +30 ring of slaying
Scrolls
 k - a scroll of blinking
Potions
 d - a potion of might {!q}
 h - a potion of haste {!q}
 i - 2 potions of magic {!q}
 j - a potion of berserk rage {!q}
Comestibles
 f - a bread ration {!e}
 u - 4 chunks of flesh


Message History

You take 4 damage.
You feel very sick.
You hear a shout! x3
The vile throws miasma at you. The foul vapour misses you.
You hear a shout!
You take 3 damage.
You are engulfed in dark miasma.
You are more poisoned.
You feel your flesh rotting away!
You feel ill.
* * * LOW HITPOINT WARNING * * *
You feel very sick.
You hear a shout! x6
The vile throws damnation at you.
The damnation unfurls!
The damnation engulfs you!
* * * LOW HITPOINT WARNING * * *
You hear a shout! x2
You are engulfed in dark miasma.
You are lethally poisoned!
Your stasis keeps you stable.
* * * LOW HITPOINT WARNING * * *
x2 You feel very sick.
You hear a shout! x11
You see here a +9 battleaxe.
You take 28 damage.
* * * LOW HITPOINT WARNING * * *
You feel very sick.
You hear a shout! x2
A foul vapour appears from out of your range of vision.
You hear a grinding noise.
You hear a shout! x10
You take 6 damage.
Unknown command.
Drink which item? (? for menu, Esc to quit)
Really quaff
g - a potion of heal wounds {!q}?
You feel much better.
You are engulfed in dark miasma.
You are lethally poisoned!
* * * LOW HITPOINT WARNING * * *
x2 You feel extremely sick.
You hear a shout! x3; You hear a grinding noise. x2; You hear a shout! x2
* * * LOW HITPOINT WARNING * * *
You feel extremely sick.
You hear a shout! x2
The eight-headed meat hydra calls on the powers of darkness!
The eight-headed meat hydra convulses!
Your body is wracked with pain!
* * * LOW HITPOINT WARNING * * *
You hear a shout! x2
The vile hits you with a mace!
* * * LOW HITPOINT WARNING * * *
You are engulfed in flames!!!!
You die...

.....D....)).......
.#...9.####).......
....M..D.#)9.....##
..........))...#######
.=......)##......).#
######.......)..)#.##
#.9.D)#...))...##
#..#..)#))).....#
#..#.§D.#)#.#####
#..9§#..)#.#.##
#.@#..#...#.#.##
###############.§#.###...#.#.#
.............§§§.§§#
####)..####
#.███████████████§## ##)#.#.#
#.█ { █§# #..#.## #.█ █§#
#.#### #.███████████████§# #.#
#.................# #.#
#.################# #.# ###
###


You could see an eight-headed meat hydra and 2 viles.

Vanquished Creatures
  9 molten gargoyles (D)
  5 hell beasts (D)
  A greater mummy (D)
  4 great orbs of eyes (D)
  2 wraiths (D)
  10 vampire knights (D)
  27 ogres (D)
  A lich (D)
  45 orcs (D)
  4 phantoms (D)
  2 hill giants (D)
  5 sea snakes (D)
  A crawling corpse (D)
116 creatures vanquished.

Notes
Turn   | Place    | Note
--------------------------------------------------------------
     0 | D        | sorlin the Formicid Fighter began the quest for the Orb.
     0 | D        | Reached XP level 1. HP: 18/18 MP: 1/1
     3 | D        | Noticed a bag of meat
     3 | D        | Noticed a bag of meat
     4 | D        | Became a worshipper of Makhleb the Destroyer
     5 | D        | Noticed a bag of meat
     5 | D        | Noticed a bag of meat
     8 | D        | Killed a bag of meat
     8 | D        | Reached skill level 17 in Fighting
     8 | D        | Reached skill level 21 in Axes
     8 | D        | Reached XP level 2. HP: 48/48 MP: 2/2
     8 | D        | Reached XP level 3. HP: 54/54 MP: 3/3
     8 | D        | Reached XP level 4. HP: 62/62 MP: 4/4
     8 | D        | Reached XP level 5. HP: 68/68 MP: 5/5
     8 | D        | Reached XP level 6. HP: 75/75 MP: 6/6
     8 | D        | Reached XP level 7. HP: 81/81 MP: 7/7
     8 | D        | Reached XP level 8. HP: 89/89 MP: 8/8
     8 | D        | Reached XP level 9. HP: 95/95 MP: 9/9
     8 | D        | Reached XP level 10. HP: 102/102 MP: 10/10
     8 | D        | Reached XP level 11. HP: 108/108 MP: 11/11
     8 | D        | Reached XP level 12. HP: 116/116 MP: 12/12
     9 | D        | Killed a bag of meat
     9 | D        | Reached * piety under Makhleb
     9 | D        | Reached skill level 20 in Fighting
     9 | D        | Reached skill level 24 in Axes
     9 | D        | Reached XP level 13. HP: 128/128 MP: 13/13
     9 | D        | Killed a bag of meat
     9 | D        | Reached skill level 22 in Fighting
     9 | D        | Reached skill level 26 in Axes
     9 | D        | Reached XP level 14. HP: 140/140 MP: 14/14
    10 | D        | Noticed a meat berserker
    10 | D        | Killed a bag of meat
    10 | D        | Reached ** piety under Makhleb
    10 | D        | Reached skill level 25 in Fighting
    10 | D        | Reached skill level 27 in Axes
    10 | D        | Reached XP level 15. HP: 155/155 MP: 15/15
    11 | D        | Noticed a meat berserker
    14 | D        | Noticed a meat berserker
    15 | D        | Killed a meat berserker
    15 | D        | Reached skill level 27 in Fighting
    15 | D        | Reached skill level 11 in Dodging
    15 | D        | Reached skill level 15 in Shields
    15 | D        | Reached XP level 16. HP: 167/167 MP: 16/16
    16 | D        | Noticed a meat berserker
    17 | D        | Killed a meat berserker
    17 | D        | Reached *** piety under Makhleb
    17 | D        | Reached skill level 17 in Dodging
    17 | D        | Reached skill level 21 in Shields
    18 | D        | Noticed a meat berserker
    18 | D        | Reached skill level 18 in Dodging
    18 | D        | Reached skill level 23 in Shields
    18 | D        | Reached XP level 17. HP: 174/174 MP: 17/17
    19 | D        | Noticed a meat berserker
    19 | D        | Reached skill level 20 in Dodging
    19 | D        | Reached skill level 25 in Shields
    20 | D        | Noticed a meat berserker
    20 | D        | Noticed a meat berserker
    21 | D        | Noticed a meat berserker
    21 | D        | Killed a meat berserker
    21 | D        | Reached **** piety under Makhleb
    21 | D        | Reached skill level 24 in Dodging
    21 | D        | Reached skill level 27 in Shields
    21 | D        | Reached XP level 18. HP: 182/182 MP: 18/18
    22 | D        | Reached skill level 26 in Dodging
    23 | D        | Killed a meat berserker
    23 | D        | Reached ***** piety under Makhleb
    23 | D        | Reached skill level 27 in Dodging
    23 | D        | Reached skill level 15 in Armour
    23 | D        | Reached skill level 17 in Stealth
    23 | D        | Reached XP level 19. HP: 189/189 MP: 19/19
    23 | D        | Reached skill level 18 in Armour
    23 | D        | Reached skill level 20 in Stealth
    24 | D        | Killed a meat berserker
    24 | D        | Reached skill level 22 in Armour
    24 | D        | Reached skill level 25 in Stealth
    24 | D        | Reached XP level 20. HP: 137/197 MP: 20/20
    24 | D        | Reached skill level 24 in Armour
    24 | D        | Reached skill level 27 in Stealth
    24 | D        | Reached skill level 27 in Armour
    24 | D        | Reached skill level 4 in Spellcasting
    24 | D        | Reached skill level 5 in Invocations
    25 | D        | Killed a meat berserker
    25 | D        | Reached skill level 15 in Spellcasting
    25 | D        | Reached skill level 17 in Invocations
    25 | D        | Reached XP level 21. HP: 204/204 MP: 20/40
    25 | D        | Reached ****** piety under Makhleb
    25 | D        | Reached skill level 17 in Spellcasting
    25 | D        | Reached skill level 20 in Invocations
    25 | D        | Killed a meat berserker
    25 | D        | Reached skill level 21 in Spellcasting
    25 | D        | Reached skill level 24 in Invocations
    26 | D        | Noticed a meat berserker
    26 | D        | Killed a meat berserker
    26 | D        | Reached skill level 25 in Spellcasting
    26 | D        | Reached skill level 27 in Invocations
    26 | D        | Reached XP level 22. HP: 212/212 MP: 20/51
    26 | D        | Reached skill level 27 in Spellcasting
    26 | D        | Reached skill level 6 in Throwing
    26 | D        | Reached skill level 6 in Unarmed Combat
    26 | D        | Reached skill level 12 in Throwing
    26 | D        | Reached skill level 12 in Unarmed Combat
    27 | D        | Noticed a destroyer
    27 | D        | Noticed a destroyer
    27 | D        | Noticed a meat berserker
    27 | D        | Killed a meat berserker
    27 | D        | Reached skill level 18 in Throwing
    27 | D        | Reached skill level 18 in Unarmed Combat
    27 | D        | Reached skill level 20 in Throwing
    27 | D        | Reached skill level 20 in Unarmed Combat
    27 | D        | Reached XP level 23. HP: 219/219 MP: 20/54
    29 | D        | Noticed a destroyer
    29 | D        | Noticed a destroyer
    29 | D        | Killed a destroyer
    29 | D        | Reached skill level 24 in Throwing
    29 | D        | Reached skill level 24 in Unarmed Combat
    29 | D        | Reached skill level 25 in Throwing
    29 | D        | Reached skill level 25 in Unarmed Combat
    32 | D        | Killed a destroyer
    32 | D        | Reached skill level 27 in Throwing
    32 | D        | Reached skill level 27 in Unarmed Combat
    32 | D        | Reached XP level 24. HP: 227/227 MP: 22/54
    34 | D        | Noticed a destroyer
    35 | D        | Reached XP level 25. HP: 234/234 MP: 22/54
    36 | D        | Reached XP level 26. HP: 242/242 MP: 23/54
    37 | D        | Killed a destroyer
    38 | D        | Noticed a destroyer
    39 | D        | Reached XP level 27. HP: 249/249 MP: 23/54
    40 | D        | Killed a destroyer
    40 | D        | Killed a destroyer
    41 | D        | Killed a destroyer
    43 | D        | Noticed a destroyer
    48 | D        | Noticed a destroyer
    49 | D        | Killed a destroyer
    50 | D        | Noticed a tyrant
    50 | D        | Killed a destroyer
    53 | D        | Noticed a tyrant
    53 | D        | Noticed an accursed
    56 | D        | Killed a tyrant
   159 | D        | Noticed a meat beast
   164 | D        | Killed a meat beast
   169 | D        | Noticed a destroyer
   169 | D        | Killed a destroyer
   178 | D        | Killed an accursed
   235 | D        | Noticed a destroyer
   235 | D        | Killed a destroyer
   248 | D        | Noticed a meat beast
   248 | D        | Noticed a vile
   249 | D        | Noticed a dread
   249 | D        | Noticed a vile
   250 | D        | Noticed a meat beast
   251 | D        | Killed a vile
   251 | D        | Killed a meat beast
   255 | D        | HP: 72/249 [vile/damnation (15)]
   256 | D        | Noticed a dread
   257 | D        | Noticed a meat beast
   257 | D        | Killed a meat beast
   258 | D        | Noticed a meat beast
   258 | D        | Killed a dread
   261 | D        | Killed a vile
   261 | D        | Killed a meat beast
   261 | D        | Killed a meat beast
   262 | D        | Killed a dread
   266 | D        | Noticed a meat beast
   267 | D        | HP: 72/249 [wretched soul/bolt of negative energy (40)]
   352 | D        | Noticed a vile
   356 | D        | Killed a vile
   363 | D        | Noticed a fleshlord
   382 | D        | Noticed a vile
   382 | D        | Killed a vile
   409 | D        | Noticed a vile
   409 | D        | Noticed a vile
   410 | D        | Noticed a vile
   410 | D        | Noticed a vile
   412 | D        | Noticed a vile
   413 | D        | Killed a vile
   415 | D        | Killed a vile
   415 | D        | Killed a vile
   415 | D        | Killed a vile
   416 | D        | Killed a vile
   422 | D        | Noticed a vile
   422 | D        | Noticed a vile
   426 | D        | Noticed a vile
   432 | D        | HP: 72/249 [poisoned by something (dark miasma)]
   432 | D        | HP: 27/249 [vile/mace (10)]
   432 | D        | Annihilated by a vile

Vault maps used:
D:        meatsprint

Action                   |  1- 3 |  4- 6 |  7- 9 | 10-12 | 13-15 | 16-18 | 19-21 | 22-24 | 25-27 || total
-------------------------+-------+-------+-------+-------+-------+-------+-------+-------+-------++-------
Melee: Executioner's axe |     1 |       |       |     1 |     2 |     6 |     3 |     5 |    59 ||    77
 Abil: Dig               |       |       |       |       |       |       |       |       |     9 ||     9
  Use: Potion            |       |       |       |       |       |       |       |       |     2 ||     2
 Stab: Distracted        |       |       |       |       |       |       |       |       |     1 ||     1
  Eat: Chunk             |       |       |       |       |       |       |       |       |     2 ||     2
